 Dungeon Crawl Stone Soup version 0.20.1-1-g8b1a95d (webtiles) character file.

72 digijack the Stinger (level 4, -2/36 HPs)
             Began as a Naga Venom Mage on Oct 8, 2017.
             Slain by Robin
             ... wielding a +2 whip of draining
              (5 damage)
             ... on level 2 of the Dungeon.
             The game lasted 00:16:45 (1900 turns).

digijack the Stinger (Naga Venom Mage)              Turns: 1900, Time: 00:16:46

Health: -2/36      AC:  2    Str: 10 (11) XL:     4   Next: 26%
Magic:  3/17       EV: 10    Int: 15 (16) God:
Gold:   72         SH:  0    Dex: 11      Spells: 7/8 levels left

rFire    . . .     SeeInvis +   g - +0 spear
rCold    . . .     Gourm    .   (no shield)
rNeg     . . .     Faith    .   a - +0 robe
rPois    +         Spirit   .   (no helmet)
rElec    .         Reflect  .   (no cloak)
rCorr    .         Harm     .   (no gloves)
MR       .....                  (no barding)
Stlth    ++........             (no amulet)
Regen    0.2/turn               i - ring of magical power
MPRegen  0.2/turn               (no ring)

@: very slow
A: see invisible, deformed body, poison resistance, slowness 2, slow metabolism
1, spit poison 1, AC +1
a: Spit Poison


You were on level 2 of the Dungeon.
You were hungry.

You visited 1 branch of the dungeon, and saw 2 of its levels.

You collected 72 gold pieces.

Inventory:

Hand Weapons
 g - a +0 spear (weapon)
Missiles
 f - 11 stones (quivered)
 k - 10 poisoned needles
Armour
 a - a +0 robe (worn)
Jewellery
 i - a ring of magical power (left hand)
Scrolls
 e - 2 scrolls of identify
 h - a scroll of remove curse
Potions
 j - a potion of mutation {unknown}
Books
 b - a Young Poisoner's Handbook

   Spells                             Type                      Level
   a - Sting                          Conjuration/Poison           1
   b - Poisonous Vapours              Poison/Air                   2
   c - Mephitic Cloud                 Conjuration/Poison/Air       3
   d - Olgreb's Toxic Radiance        Poison                       4
   e - Venom Bolt                     Conjuration/Poison           5
Comestibles
 c - 3 bread rations
 d - 5 chunks of flesh


   Skills:
 * Level 1.1 Polearms
 - Level 1.6 Dodging
 * Level 3.6 Stealth
 + Level 2.6 Spellcasting
 + Level 1.9 Conjurations
 + Level 4.8 Poison Magic


You had 7 spell levels left.
You knew the following spells:

 Your Spells              Type           Power        Failure   Level  Hunger
a - Sting                 Conj/Pois      ##..         5%          1    #......


Dungeon Overview and Level Annotations

Branches:
Dungeon (2/15)

Altars:
Elyvilon

Annotations:
D:2 Robin


Innate Abilities, Weirdness & Mutations

You cannot wear boots.
Your serpentine skin is tough. (AC +1)
You have supernaturally acute eyesight. (SInv)
Armour fits poorly on your strangely shaped body.
Your system is resistant to poisons. (rPois)
You cover ground very slowly.
You have a slow metabolism.
You can spit poison.


Message History

Aiming: Sting
Press: ? - help, Shift-Dir - straight line, f - goblin
Aim: a goblin (moderately wounded, unusually strong)
The sting hits the goblin.
You kill the goblin!
Casting: Sting
Confirm with . or Enter, or press ? or * to list all spells.
Aiming: Sting
Press: ? - help, Shift-Dir - straight line, f - Robin
Aim: Robin, wielding a whip of draining, wearing an animal skin and wearing a helmet
Okay, then.
Casting: Sting
Confirm with . or Enter, or press ? or * to list all spells.
Aiming: Sting
Press: ? - help, Shift-Dir - straight line, f - Robin
Aim: Robin, wielding a whip of draining, wearing an animal skin and wearing a helmet The sting hits Robin.
Robin is poisoned.
Robin is lightly wounded.
Robin hits you with a whip of draining.
You die...

...#.##.....g)).bgSg.g<
. ...###.##..####.#$S.#
#.## #.###.##g.#
#.##.## ... #......)).#
#.##.# #.###.###.##.##
#.##.# #.....# #.##.#
#....## ###..## #.##.#
###....
#.####..####.##.# #.###
#.........@g†##># #.#
######..######..# #.#
#.........########.#
##.######## #......#
#.# #.###### #.# #.#
#.##########.#
#............#
##############


You could see Robin.

Vanquished Creatures
  2 adders (D:2)
  An ooze (D:1)
  2 leopard geckos (D:2)
  2 giant cockroaches (D:1)
  14 goblins
  4 hobgoblins
  5 bats
  6 frilled lizards
  6 kobolds
  5 rats
47 creatures vanquished.

Notes
Turn   | Place    | Note
-------+----------+-------------------------------------------
     0 | D:1      | digijack the Naga Venom Mage began the quest for the Orb.
     0 | D:1      | Reached XP level 1. HP: 15/15 MP: 3/3
   517 | D:1      | Reached XP level 2. HP: 22/22 MP: 1/5
  1297 | D:2      | Found a white marble altar of Elyvilon.
  1299 | D:2      | Reached XP level 3. HP: 28/28 MP: 2/6
  1672 | D:2      | Reached skill level 1 in Polearms
  1862 | D:2      | Noticed Robin
  1884 | D:2      | Reached XP level 4. HP: 20/36 MP: 7/7
  1900 | D:2      | Slain by Robin

Skill      XL: |  1  2  3 |
---------------+----------+-----
Polearms       | 1 |  1.1
Dodging        | |  1.6
Stealth        | |  3.6
Spellcasting   | |  2.6
Conjurations   | |  1.9
Poison Magic   | |  4.8

Action                   |  1- 3 |  4- 6 || total
-------------------------+-------+-------++-------
Melee: Unarmed           |    21 |       ||    21
       Spear             |    42 |     2 ||    44
Throw: Stone             |     3 |       ||     3
 Cast: Sting             |    51 |     9 ||    60
  Use: Scroll            |     5 |       ||     5
       Potion            |     3 |       ||     3
  Eat: Chunk             |     2 |       ||     2
Armor: Robe              |    11 |     2 ||    13
Dodge: Dodged            |    43 |     5 ||    48
